 Dungeon Crawl Stone Soup version 0.25-a0-435-g4b9beb1024 (webtiles) character file.

Game seed: 1563563235506327581, levelgen mode: deterministic

1370 Archen the Cleaver (level 8, -7/71 HPs)
             Began as a Minotaur Berserker on Jan 29, 2020.
             Was an Elder of Trog.
             Killed by divine providence
             ... invoked by an orc priest
              (11 damage)
             ... on level 6 of the Dungeon.
             The game lasted 00:10:31 (4478 turns).

Archen the Cleaver (Minotaur Berserker)             Turns: 4478, Time: 00:10:32

Health: -7/71      AC: 16    Str: 23    XL:     8   Next: 38%
Magic:  2/2        EV:  9    Int:  4    God:    Trog [****..]
Gold:   160        SH:  0    Dex: 11    Spells: 7/7 levels left

rFire    . . .     SeeInvis .   v - +2 war axe (antimagic)
rCold    . . .     Gourm    .   (no shield)
rNeg     . . .     Faith    .   g - +0 plate armour
rPois    .         Spirit   .   (helmet restricted)
rElec    .         Reflect  .   w - +0 cloak
rCorr    .         Harm     .   o - +0 pair of gloves
MR       +....                  f - +0 pair of boots
Stlth    ..........             (no amulet)
HPRegen  0.21/turn              (no ring)
MPRegen  0.08/turn              p - ring of protection from magic

@: no status effects
A: retaliatory headbutt, horns 2
a: Berserk, Trog's Hand, Brothers in Arms, Renounce Religion


You were on level 6 of the Dungeon.
You worshipped Trog.
Trog was greatly pleased with you.
You were not hungry.

You visited 1 branch of the dungeon, and saw 6 of its levels.

You collected 270 gold pieces.
You spent 110 gold pieces at shops.

Inventory:

Hand Weapons
 a - a +0 hand axe
 v - a +2 antimagic war axe (weapon)
Armour
 f - a +0 pair of boots (worn)
 g - a +0 plate armour (worn)
 o - a +0 pair of gloves (worn)
 w - a +0 cloak (worn)
Jewellery
 l - an uncursed ring of flight
 p - a ring of protection from magic (right hand)
Wands
 d - a wand of disintegration (9)
 q - a wand of scattershot (4)
Scrolls
 b - 2 scrolls of teleportation
 h - a scroll of blinking
 n - a scroll of remove curse
 t - a scroll of identify
Potions
 e - a potion of flight
 k - 2 potions of magic
 m - 2 potions of heal wounds
 r - a potion of might
 s - a potion of brilliance
 u - a potion of haste
Comestibles
 c - 7 rations
 j - a chunk of flesh


   Skills:
 + Level 6.6 Fighting
 * Level 8.6 Axes
 + Level 5.9 Armour
 + Level 5.5 Dodging


You had 7 spell levels left.
You didn't know any spells.
Your spell library was empty.

Dungeon Overview and Level Annotations

Branches:
Dungeon (6/15)             Temple (0/1) D:5

Altars:
Ashenzari
Fedhas
Nemelex Xobeh
Ru
Trog

Shops:
D:4 ?


Innate Abilities, Weirdness & Mutations

You reflexively headbutt those who attack you in melee.
You have a pair of horns on your head.


Message History

An orc wizard comes into view. It is wielding a +0 dagger.
You slash the orc!
You kill the orc!
Trog accepts your kill.
You hit the orc priest. The orc priest barely misses you.
An orc wizard comes into view. It is wielding a +0 dagger.
You closely miss the orc priest. You headbutt the orc priest.
The orc priest is heavily wounded.
The orc priest hits you but does no damage.
You closely miss the orc priest.
You headbutt the orc priest, but do no damage.
The orc priest is heavily wounded.
The orc priest misses you.
You closely miss the orc priest.
The orc priest is heavily wounded.
You barely miss the orc priest.
The orc priest is heavily wounded.
The orc priest invokes the aid of Beogh against you.
Beogh smites you!
You die...

## #... ...# #...
...# #.. ### ...#
##..##.##### ...## ##
#.<........#......
...#..........#{.{...
#...........o)..o...
###........@#
#...####..#
##...#########+###
#............#...+
#...<....<...#...#
#..........>.#...#
#............#...#
##..###.##..##...#
##..######..##...####


You could see an orc priest and an orc wizard.

Vanquished Creatures
  A sky beast (D:6)
  An eye of draining (D:4)
  2 ice beasts
  A bullfrog (D:2)
  2 scorpions
  3 howler monkeys
  A bullfrog zombie (D:6)
  A jelly (D:5)
  Crazy Yiuf (D:5)
  4 orc priests
  A bullfrog skeleton (D:4)
  4 orc wizards (D:4)
  2 iguanas
  Natasha (thrice) (D:2)
  A worker ant (D:4)
  A howler monkey skeleton (D:5)
  6 adders
  4 gnolls (D:2)
  2 oozes (D:1)
  An adder skeleton (D:6)
  An adder zombie (D:3)
  4 worms
  2 dart slugs
  3 leopard geckos
  19 orcs
  4 bats
  3 giant cockroaches
  3 goblins
  7 hobgoblins
  5 jackals (D:5)
  6 kobolds
  5 quokkas
  A ball python (D:2)
  5 frilled lizards
  2 jackal skeletons (D:4)
  A quokka skeleton (D:5)
  10 rats
123 creatures vanquished.

Notes
Turn   | Place    | Note
-------+----------+-------------------------------------------
     0 | D:1      | Archen the Minotaur Berserker began the quest for the Orb.
     0 | D:1      | Reached XP level 1. HP: 19/19 MP: 0/0
   100 | D:1      | Reached XP level 2. HP: 27/27 MP: 1/1
   122 | D:1      | Reached skill level 4 in Axes
   913 | D:2      | Found a shattered altar of Ashenzari.
   961 | D:2      | You fall into a shaft and drop 1 floor!
   983 | D:2      | Found a sparkling altar of Nemelex Xobeh.
   985 | D:2      | Noticed Natasha
   991 | D:2      | Killed Natasha
   991 | D:2      | Reached XP level 3. HP: 29/33 MP: 2/2
  1124 | D:2      | Noticed a bullfrog
  1131 | D:2      | Killed a bullfrog
  1131 | D:2      | Reached skill level 5 in Axes
  1131 | D:2      | Reached XP level 4. HP: 39/41 MP: 3/3
  1199 | D:2      | Reached ** piety under Trog
  1199 | D:2      | Reached XP level 5. HP: 47/47 MP: 4/4
  1264 | D:2      | Noticed Natasha
  1274 | D:2      | Killed Natasha
  1288 | D:2      | Noticed Natasha
  1295 | D:2      | Killed Natasha
  1508 | D:2      | Found a sacrificial altar of Ru.
  1547 | D:2      | Found a sacrificial altar of Ru.
  1859 | D:3      | Found a blossoming altar of Fedhas.
  2119 | D:3      | Reached XP level 6. HP: 48/55 MP: 5/5
  2324 | D:4      | Reached skill level 6 in Axes
  2329 | D:4      | Reached skill level 5 in Fighting
  2341 | D:4      | Reached *** piety under Trog
  2603 | D:4      | Reached XP level 7. HP: 58/61 MP: 6/6
  2666 | D:4      | Reached skill level 7 in Axes
  2908 | D:4      | Reached skill level 5 in Armour
  3061 | D:4      | Found a bloodstained altar of Trog.
  3540 | D:4      | Found Fiputiepe's Magic Scroll Shop.
  3543 | D:4      | Bought a scroll of identify for 22 gold pieces
  3543 | D:4      | Bought a scroll of identify for 22 gold pieces
  3543 | D:4      | Bought a scroll of identify for 22 gold pieces
  3543 | D:4      | Bought a scroll of identify for 22 gold pieces
  3543 | D:4      | Bought a scroll of identify for 22 gold pieces
  3794 | D:5      | Entered Level 5 of the Dungeon
  3872 | D:5      | Found a sacrificial altar of Ru.
  3875 | D:5      | Reached skill level 5 in Dodging
  3885 | D:5      | Reached XP level 8. HP: 63/70 MP: 2/7
  3946 | D:5      | Found a staircase to the Ecumenical Temple.
  4104 | D:5      | Reached **** piety under Trog
  4109 | D:5      | Reached skill level 8 in Axes
  4364 | D:5      | Found a runed translucent door.
  4365 | D:5      | Noticed Crazy Yiuf
  4371 | D:5      | Killed Crazy Yiuf
  4470 | D:6      | HP: 2/71 [orc priest/divine providence (13)]
  4478 | D:6      | Killed from afar by an orc priest

Levels and vault maps discovered:
D:1:      onia_arrival_handbag, layout_basic
D:2:      layout_basic, ashenzari_altar_1, nicolae_overflow_crystal_walls,
          nemelex_xobeh_ov_fountains_minmay, nicolae_ru_path_of_blood,
          uniq_natasha
D:3:      layout_basic, fedhas_altar_3
D:4:      layout_loops_ring, trog_eyes_of_draining, serial_shops,
          kennysheep_mini, first_ration
D:5:      layout_loops_cross, minmay_temple_entry_statues, basic_altar,
          uniq_crazy_yiuf_cottage
D:6:      layout_gridville, nicolae_overflow_hidden_temple, amethyst_killhole

Skill      XL: |  1  2  3  4  5  6  7  8 |
---------------+-------------------------+-----
Axes           | 4 5 6 7 8 |  8.6
Fighting       | 4 5 6 |  6.6
Armour         | 3 4 5 |  5.9
Dodging        | 3 4 5 |  5.5

Action                   |  1- 3 |  4- 6 |  7- 9 || total
-------------------------+-------+-------+-------++-------
Melee: Hand axe          |    56 |   172 |    50 ||   278
       Headbutt          |    12 |    28 |    27 ||    67
       War axe           |       |       |    85 ||    85
  Use: Scroll            |       |     2 |    13 ||    15
  Eat: Chunk             |     1 |     4 |     3 ||     8
       Ration            |       |       |     1 ||     1
Armor: Animal skin       |     4 |       |       ||     4
       Chain mail        |    13 |    96 |    24 ||   133
       Plate armour      |       |       |    31 ||    31
Dodge: Dodged            |    21 |    77 |    43 ||   141

Table legend:
 A = Non-vault XP
 B = Vault XP
 C = Vault XP percentage of total XP
 D = Non-vault monster count
 E = Vault monster count
 F = Vault count percentage of total count
                 A         B        C        D         E       F
            +---------+---------+-------+---------+---------+-------
      Total |    1733 |     225 |  11.5 |     114 |       9 |   7.3
            +---------+---------+-------+---------+---------+-------
        D:1 |      10 |      16 |  61.5 |       5 |       4 |  44.4
        D:2 |     261 |      35 |  11.8 |      24 |       1 |   4.0
        D:3 |      68 |       0 |   0.0 |      26 |       0 |   0.0
        D:4 |     755 |     133 |  15.0 |      34 |       3 |   8.1
        D:5 |     212 |      41 |  16.2 |      15 |       1 |   6.2
        D:6 |     427 |       0 |   0.0 |      10 |       0 |   0.0
            +---------+---------+-------+---------+---------+-------
